 Dungeon Crawl Stone Soup version 0.31-a0-636-ge1c0e020e0 (webtiles) character file.

Game seed: 18057206264400502835

14449 Ijustatesigmund the Thaumaturge (level 11, -1/64 HPs)
             Began as a Deep Elf Fire Elementalist on Aug 25, 2023.
             Was a Believer of Cheibriados.
             Slain by a red ugly thing (5 damage)
             ... on level 11 of the Dungeon on Aug 26, 2023.
             The game lasted 00:45:53 (16354 turns).

Ijustatesigmund the Thaumaturge (DEFE)             Turns: 16354, Time: 00:45:54

Health: -1/64      AC:  6    Str: 10    XL:     11   Next: 88%
Magic:  22/30      EV: 15    Int: 33    God:    Cheibriados [**....]
Gold:   480        SH:  0    Dex: 19    Spells: 14/36 levels left

rFire   + + .        f - +2 long sword (holy)
rCold   . . .        (no shield)
rNeg    . . .        a - +1 troll leather armour {Pargi}
rPois   .            o - +1 helmet
rElec   .            (no cloak)
rCorr   .            (no gloves)
SInv    .            (no boots)
Will    +....        A - amulet of magic regeneration
Stlth   ++++         k - ring "Core" {Fire Int+3 Dex-3 Stlth+}
HPRegen 1.10/turn    i - ring of protection from fire
MPRegen 0.62/turn

%: no passive effects
@: about to teleport, freezing walls, very slow
A: thin skeletal structure 1, cold resistance 1
a: Renounce Religion, Bend Time


You were on level 11 of the Dungeon.
You worshipped Cheibriados.
Cheibriados was pleased with you.
You visited 2 branches of the dungeon, and saw 12 of its levels.
You also visited: Sewer and Bailey.

You collected 668 gold pieces.
You spent 188 gold pieces at shops.

Inventory:

Hand Weapons
 f - a +2 long sword of holy wrath (weapon)
 J - a +0 demon whip of venom
Missiles
 w - a throwing net
Armour
 a - a +1 troll leather armour (worn) {Pargi}
 j - the +1 robe of Vuniyc {+Blink rPois}
   (You bought it in a shop on level 6 of the Dungeon)

   rPois:     It protects you from poison +Blink: It lets you blink.
 o - a +1 helmet (worn)
 z - +0 acid dragon scales
Magical Staves
 h - a staff of air
Jewellery
 g - a +6 ring of intelligence
 i - a ring of protection from fire (right hand)
 k - the ring "Core" (left hand) {Fire Int+3 Dex-3 Stlth+}
   (You took it off a kobold on level 2 of the Dungeon)

   [ring of fire]

   Fire:      It enhances your fire magic.
   Int+3:     It affects your intelligence (+3).
   Dex-3:     It affects your dexterity (-3).
   rF+:       It protects you from fire.
   rC-:       It makes you vulnerable to cold.
   Stlth+:    It makes you more stealthy.
 p - a ring of ice
 u - a ring of magical power
 A - an amulet of magic regeneration (around neck)
 F - a ring of flight
Wands
 r - a wand of roots (24)
 E - a wand of flame (7)
 G - a wand of mindburst (4)
Scrolls
 m - 3 scrolls of fog
 q - 4 scrolls of enchant armour
 x - a scroll of poison
 y - 2 scrolls of teleportation
 C - a scroll of amnesia
 D - 6 scrolls of identify
 H - a scroll of vulnerability
Potions
 b - a potion of magic
 c - 3 potions of attraction
 d - a potion of cancellation
 e - a potion of curing
 l - a potion of brilliance
 n - 2 potions of haste
 t - 2 potions of mutation
 v - a potion of resistance
 B - a potion of might
Miscellaneous
 s - a phantom mirror
 I - a phial of floods


   Skills:
 - Level 5.2 Fighting
 - Level 4.5 Armour
 - Level 6.3 Dodging
 - Level 2.4 Stealth
 + Level 13.3 Spellcasting
 + Level 8.7 Conjurations
 - Level 2.5 Transmutations
 - Level 9.0 Fire Magic
 + Level 3.9 Ice Magic
 - Level 2.2 Air Magic
 - Level 2.4 Poison Magic
 + Level 4.7 Invocations
 - Level 2.0 Evocations


You had 14 spell levels left.
You knew the following spells:

 Your Spells              Type           Power      Damage    Failure   Level
a - Magic Dart            Conj           100%       1d8       1%          1
b - Scorch                Fire           100%       2d9       1%          2
c - Flame Wave            Conj/Fire      88%        2d19      1%          4
d - Mephitic Cloud        Conj/Pois/Air  51%        N/A       1%          3
e - Ignite Poison         Fire/Tmut/Pois 68%        N/A       1%          3
f - Frozen Ramparts       Ice            96%        1d15      1%          3
g - Starburst             Conj/Fire      44%        6d12      11%         6

Your spell library contained the following spells:

 Spells                   Type           Power      Damage    Failure   Level
 Foxfire                  Conj/Fire      100%       2x1d9     1%          1
 Freeze                   Ice            100%       1d10      1%          1
 Dazzling Flash           Conj/Hex       100%       N/A       1%          3
 Hailstorm                Conj/Ice       59%        3d13      1%          3
 Inner Flame              Hex/Fire       67%        N/A       1%          3
 Volatile Blastmotes      Fire/Tloc      100%       2d18      1%          3
 Cigotuvi's Dreadful Rot  Necr/Pois/Air  64%        N/A       2%          2
 Call Imp                 Summ           44%        N/A       4%          2
 Freezing Cloud           Conj/Ice/Air   26%        6-21      10%         5
 Maxwell's Capacitive Co  Air            18%        ∞         100%        8


Dungeon Overview and Level Annotations

Branches:
Dungeon (11/15)            Temple (1/1) D:7             Orc (0/2) D:10
  Sewer (visited)          Bailey (visited)
   Lair: D:8-11

Altars:
Ashenzari
Cheibriados
Dithmenos
Elyvilon
Fedhas
Gozag
Hepliaklqana
Kikubaaqudgha
Makhleb
Nemelex Xobeh
Okawaru
Qazlal
Ru
Sif Muna
Trog
Uskayaw
Vehumet
Wu Jian
Xom
Yredelemnul
Zin
The Shining One

Shops:
D:3 [   D:4 (*   D:6 *[?

Annotations:
D:4 2 transporters, Vontreibholz's ghost, amateur MiFi
D:9 2 transporters, Scrael's ghost, journeyman TeBe


Innate Abilities, Weirdness & Mutations

You have a somewhat thin skeletal structure. (Dex +2, Stealth+)
Your flesh is cold resistant. (rC+)


Message History

You hear a horrible gurgling sound!
You finish channelling waves of flame.
You hear a shout!
You start resting.
A red ugly thing comes into view.
Casting: Flame Wave (dangerous; 1% risk of failure)
Confirm with . or Enter, or press ? or * to list all spells.
Okay, then.
Casting: Flame Wave (dangerous; 1% risk of failure)
Confirm with . or Enter, or press ? or * to list all spells.
Casting: Frozen Ramparts (safe; 1% risk of failure)
Press: ? - help, Dir - look around, f - activate The walls around you are covered in ice.
The red ugly thing gurgles horribly!
The wall freezes the red ugly thing but does no damage.
The red ugly thing gores you.
You are engulfed in flames.
You resist.
Casting: Frozen Ramparts (safe; 1% risk of failure)
Confirm with . or Enter, or press ? or * to list all spells.
You feel a surge of power!
Flames lash the red ugly thing.
The red ugly thing resists.
The red ugly thing is lightly wounded.
The red ugly thing's fire resistance burns away.
The wall freezes the red ugly thing.
The red ugly thing gores you!
* * * LOW HITPOINT WARNING * * *
You are engulfed in flames!
You resist.
* * * LOW HITPOINT WARNING * * *
The wall freezes the red ugly thing.
The red ugly thing closely misses you.
Okay, then.
As you read the scroll of teleportation, it crumbles to dust.
You feel strangely unstable.
The wall freezes the red ugly thing!
The red ugly thing completely misses you.
The flow of time bends around you.
Cheibriados rebukes the red ugly thing.
The red ugly thing seems to slow down.
The red ugly thing is no longer more vulnerable to fire.
The wall freezes the red ugly thing but does no damage.
The red ugly thing gores you!
* * * LOW HITPOINT WARNING * * *
You are engulfed in flames.
You resist.
You die...

#...........#########
##.##................##
#..#..######..######..# #.##.##
#### ##.# ###..#.# #.#
######......# #.# .......####.#
### ## #.## .......# #.# #u##
##.#.#..# .......# #.##)#@#
#)..##..# .......# #..###'#
#'###...#
.......#####.....######.......###
.............##.##8..8##)))#.....
.......#####....#8....8#.#...####
.......# #.##.'......'.###.#
.......# #.##.'......'.....#
.......# #....#8....8#.###.#
.......# #.#..##8..8##.# #.####


You could see a red ugly thing (slow).

Vanquished Creatures
  A centaur warrior (D:11)
  3 two-headed ogres
  Amaemon (D:10)
  A deep elf pyromancer (D:10)
  Pikel (D:6)
  An ugly thing (D:11)
  Jeremiah (D:7)
  An orange demon (D:10)
  Maggie (D:7)
  A kobold demonologist (D:9)
  An unseen horror (D:8)
  2 freezing wraiths (D:11)
  A komodo dragon (D:11)
  Grinder (D:3)
  A hornet (D:9)
  A shadow (D:10)
  A wraith (D:10)
  A vampire (D:10)
  4 yaks
  2 wyverns (D:9)
  3 steam dragons
  Duvessa (D:5)
  An acid dragon (D:10)
  4 water moccasins
  Pargi (Sewer)
  14 orc warriors
  3 ice beasts
  4 ogres
  2 boggarts (D:8)
  12 centaurs
  2 lemures (D:6)
  4 kobold brigands
  A phantom (D:5)
  2 bullfrogs
  2 gnoll sergeants
  3 jellies
  2 scorpions (D:5)
  Dowan (D:5)
  3 electric eels (D:6)
  5 howler monkeys
  6 orc priests
  2 hounds (D:6)
  2 gnoll boudas (D:6)
  A sleepcap (D:6)
  3 iguanas
  15 orc wizards
  Natasha (twice) (D:3)
  Robin (D:4)
  16 gnolls
  10 adders
  A shadow imp (D:5)
  3 white imps (D:8)
  An ufetubus (D:5)
  2 worms
  2 dart slugs
  40 orcs
  10 bats
  11 endoplasms
  4 giant cockroaches (D:2)
  22 goblins
  6 hobgoblins
  3 jackals (D:4)
  23 kobolds
  5 quokkas
  11 ball pythons
  6 frilled lizards
  6 rats
311 creatures vanquished.

Vanquished Creatures (collateral kills)
  A foxfire (D:1)
1 creature vanquished.

Vanquished Creatures (others)
  230 foxfires
230 creatures vanquished.

Grand Total: 542 creatures vanquished

Notes
Turn   | Place    | Note
-------+----------+-------------------------------------------
     0 | D:1      | Ijustatesigmund the Deep Elf Fire Elementalist began the
                  | quest for the Orb.
     0 | D:1      | Reached XP level 1. HP: 10/10 MP: 6/6
   114 | D:1      | Found a faded altar of an unknown god.
   196 | D:1      | Reached XP level 2. HP: 16/16 MP: 5/8
   300 | D:1      | Learned a level 2 spell: Scorch
   679 | D:1      | Reached skill level 1 in Fighting
   990 | D:1      | Reached XP level 3. HP: 20/20 MP: 8/10
  2280 | D:2      | Identified the ring "Core" {Fire Int+3 Dex-3 Stlth+}
  2332 | D:2      | Reached skill level 4 in Spellcasting
  2397 | D:2      | Reached XP level 4. HP: 25/25 MP: 7/12
  2918 | D:3      | Noticed Natasha
  2921 | D:3      | Killed Natasha
  2976 | D:3      | Found a white marble altar of Elyvilon.
  3027 | D:3      | Found a shimmering altar of Xom.
  3028 | D:3      | Found a hazy altar of Hepliaklqana.
  3028 | D:3      | Noticed a will-o-the-wisp
  3029 | D:3      | Noticed a spectral ugly thing
  3029 | D:3      | Noticed a will-o-the-wisp
  3062 | D:3      | Found a glowing drain.
  3071 | D:3      | Noticed Grinder
  3078 | Sewer    | Entered a sewer
  3448 | Sewer    | Noticed Pargi
  3463 | Sewer    | Killed Pargi
  3464 | Sewer    | Reached skill level 5 in Spellcasting
  3464 | Sewer    | Reached XP level 5. HP: 22/31 MP: 1/14
  3799 | D:3      | Killed Grinder
  3800 | D:3      | Reached skill level 1 in Armour
  3800 | D:3      | Reached skill level 5 in Fire Magic
  3800 | D:3      | Reached XP level 6. HP: 36/36 MP: 10/16
  4022 | D:3      | Noticed Natasha
  4035 | D:3      | Killed Natasha
  4036 | D:3      | Reached skill level 6 in Spellcasting
  4163 | D:3      | Found Leisann's Antique Armour Shop.
  4268 | D:4      | Found a bloodstained altar of Trog.
  4307 | D:4      | Found a transporter.
  4359 | D:4      | Found a transporter.
  4494 | D:4      | Learned a level 4 spell: Flame Wave
  4541 | D:4      | Noticed Robin
  4551 | D:4      | Killed Robin
  4552 | D:4      | Reached XP level 7. HP: 40/40 MP: 3/18
  4949 | D:4      | Found Koibuts's Weapon Boutique.
  4997 | D:4      | Learned a level 1 spell: Magic Dart
  5049 | D:4      | Found Anutoxeiph's Overcharged Wands.
  5317 | D:4      | Noticed Vontreibholz's ghost (amateur MiFi)
  5717 | D:5      | Entered Level 5 of the Dungeon
  5744 | D:5      | Found an opulent altar of Gozag.
  6294 | D:5      | Upgraded the game from 0.31-a0-627-gd65175cf8b to
                  | 0.31-a0-636-ge1c0e020e0
  6347 | D:5      | Reached skill level 7 in Spellcasting
  6482 | D:5      | Reached XP level 8. HP: 43/45 MP: 12/20
  6740 | D:5      | Noticed Duvessa
  6740 | D:5      | Noticed Dowan
  6756 | D:5      | Killed Duvessa
  6758 | D:5      | Killed Dowan
  7128 | D:5      | Found a burning altar of Makhleb.
  7164 | D:5      | Reached skill level 8 in Spellcasting
  7309 | D:5      | Found a sparkling altar of Nemelex Xobeh.
  7987 | D:6      | Found Waromint's General Store.
  7987 | D:6      | Found Nomufedi's Antique Armour Shoppe.
  7989 | D:6      | Found Weiroap's Magic Scroll Shoppe.
  7995 | D:6      | Bought a twisted robe for 188 gold pieces
  7995 | D:6      | Identified the +1 robe of Vuniyc {+Blink rPois} (You bought
                  | it in a shop on level 6 of the Dungeon)
  8018 | D:6      | Reached skill level 5 in Conjurations
  8653 | D:6      | Reached XP level 9. HP: 49/49 MP: 17/23
  8773 | D:6      | Noticed Pikel
  8792 | D:6      | Killed Pikel
  8793 | D:6      | Reached skill level 9 in Spellcasting
  8964 | D:6      | Learned a level 3 spell: Mephitic Cloud
  8968 | D:6      | Learned a level 3 spell: Ignite Poison
  9793 | D:6      | Reached skill level 1 in Transmutations
 10017 | D:7      | Reached skill level 1 in Poison Magic
 10158 | D:7      | Reached skill level 1 in Air Magic
 10309 | D:7      | Gained mutation: You have a somewhat thin skeletal
                  | structure. (Dex +2, Stealth+) [potion of mutation]
 10309 | D:7      | Gained mutation: Your flesh is cold resistant. (rC+)
                  | [potion of mutation]
 10332 | D:7      | Noticed Jeremiah
 10342 | D:7      | Killed Jeremiah
 10699 | D:7      | Found a staircase to the Ecumenical Temple.
 10739 | D:7      | Noticed Maggie
 11041 | D:7      | Killed Maggie
 11542 | D:7      | Reached XP level 10. HP: 44/56 MP: 15/25
 11989 | D:8      | Reached skill level 10 in Spellcasting
 12031 | D:8      | Found a flagged portal.
 12060 | Bailey   | Entered a bailey
 12357 | Bailey   | Noticed an orc knight
 12360 | Bailey   | HP: 2/57 [orc warrior/+0 trident (21)]
 12669 | D:8      | Found a blossoming altar of Fedhas.
 12958 | D:8      | Reached skill level 5 in Dodging
 13043 | D:8      | Found a radiant altar of Vehumet.
 13097 | D:8      | Noticed a two-headed ogre
 13110 | D:8      | Killed a two-headed ogre
 13111 | D:8      | Reached skill level 11 in Spellcasting
 13153 | D:8      | Noticed a two-headed ogre
 13166 | D:8      | Killed a two-headed ogre
 13167 | D:8      | Reached skill level 5 in Fighting
 13353 | D:8      | Found a basalt altar of Yredelemnul.
 13866 | D:9      | Reached skill level 1 in Evocations
 13890 | D:9      | Reached XP level 11. HP: 63/64 MP: 18/28
 13960 | D:9      | Found a shimmering blue altar of Sif Muna.
 14237 | D:9      | Found a transporter.
 14263 | D:9      | Noticed a two-headed ogre
 14272 | D:9      | Found a shadowy altar of Dithmenos.
 14272 | D:9      | Found a glowing silver altar of Zin.
 14290 | D:9      | Found a transporter.
 14290 | D:9      | Noticed a two-headed ogre
 14290 | D:9      | Noticed Scrael's ghost (journeyman TeBe)
 14291 | D:9      | Noticed a two-headed ogre
 14313 | D:9      | Reached skill level 12 in Spellcasting
 14384 | D:9      | Noticed a two-headed ogre
 15047 | Temple   | Entered the Ecumenical Temple
 15053 | Temple   | Became a worshipper of Cheibriados the Contemplative
 15141 | D:10     | Entered Level 10 of the Dungeon
 15222 | D:10     | Noticed a deep elf pyromancer
 15231 | D:10     | Killed a deep elf pyromancer
 15232 | D:10     | Reached skill level 1 in Invocations
 15250 | D:10     | Found a staircase to the Orcish Mines.
 15265 | D:10     | Noticed a two-headed ogre
 15269 | D:10     | Killed a two-headed ogre
 15335 | D:10     | Learned a level 3 spell: Frozen Ramparts
 15350 | D:10     | Noticed Amaemon
 15366 | D:10     | Killed Amaemon
 15367 | D:10     | Reached skill level 1 in Ice Magic
 15513 | D:10     | Reached * piety under Cheibriados
 15918 | D:11     | Noticed a brown ugly thing
 15930 | D:11     | Killed a brown ugly thing
 15931 | D:11     | Reached skill level 13 in Spellcasting
 16073 | D:11     | Found a large runed translucent door.
 16073 | D:11     | Found a large runed translucent door.
 16085 | D:11     | Found a large runed translucent door.
 16085 | D:11     | Found a large runed translucent door.
 16093 | D:11     | Reached ** piety under Cheibriados
 16151 | D:11     | Noticed a centaur warrior
 16275 | D:11     | Killed a centaur warrior
 16303 | D:11     | Noticed a tengu warrior
 16306 | D:11     | Learned a level 6 spell: Starburst
 16349 | D:11     | Noticed a red ugly thing
 16354 | D:11     | Slain by a red ugly thing

Illustrated notes

Levels and vault maps discovered:
D:1:      sevenhm_arrival_forest_fort_large_4, layout_basic, serial_rivers,
          chequers_serial_rivers_micro_e, chequers_serial_rivers_marsh,
          chequers_serial_rivers_large_a, chequers_serial_rivers_micro_e,
          chequers_serial_rivers_small_a, chequers_serial_rivers_micro_e,
          nicolae_ecumenical_lake_church, corner_web_ring, minmay_hedge_maze
D:2:      layout_loops_ring, amcnicky_mini_corridor_feature
D:3:      layout_rooms, regret_index_temple_of_mockery, marbit_many_paths,
          serial_shops, nicolae_shop_hallway_stairs,
          cheibrodos_sewer_entry_sluice, uniq_grinder, uniq_natasha
D:4:      kennysheep_goblin_castle, layout_gridville, trog_three_pillars_becter,
          serial_shops, shop, gammafunk_ghost_stat_death,
          nicolae_shop_overcharged_wands
D:5:      layout_cave_pools, nemelex_dance_club_becter,
          mainiacjoe_overflow_boulevard, mainiacjoe_overflow_alcove_1,
          uniq_duvessa
D:6:      layout_loops_corners, nicolae_shop_distant_corner_stores,
          serial_bayou_lake_a, uniq_pikel
D:7:      layout_gridville, minmay_temple_entry_steel_oval, uniq_maggie,
          uniq_jeremiah
D:8:      layout_basic, fedhas_altar_fruit_tree, mainiacjoe_overflow_brackets,
          mainiacjoe_overflow_alcove_4, enter_bailey_3,
          eino_small_chamber_without_monster, nicolae_phantomly_mirrored
D:9:      layout_small_grid, kennysheep_orc_sif_temple,
          chequers_temple_overflow_statue_of_worship, gammafunk_ghost_smash,
          hex_medium, grunt_ministairs_12, dk_noncrumbling_2,
          hangedman_minor_gate_pass
D:10:     layout_roguey, orc_0_dummy, special_room [special_room_orc],
          uniq_amaemon
D:11:     layout_small_grid, dpeg_lair_monsters, minmay_hollow_rounded_squares
Temple:   nicolae_temple_cloud_nine

Skill      XL: |  1  2  3  4  5  6  7  8  9 10 11 |
---------------+----------------------------------+-----
Fighting       | 1 2 3 5 |  5.2
Fire Magic     | 4 5 6 7 8 9 |  9.0
Spellcasting   | 4 5 6 7 8 9 11 13 | 13.3
Armour         | 1 2 4 |  4.5
Conjurations   | 3 5 6 8 |  8.7
Transmutations | 2 |  2.5
Poison Magic   | 2 |  2.4
Air Magic      | 2 |  2.2
Dodging        | 6 |  6.3
Evocations     | 1 2 |  2.0
Invocations    | 4 |  4.7
Ice Magic      | 3 |  3.9
Stealth        | |  2.4

Action                     |  1- 3 |  4- 6 |  7- 9 | 10-12 || total
---------------------------+-------+-------+-------+-------++-------
  Melee: Long sword        |     9 |    11 |     8 |    26 ||    54
   Cast: Foxfire           |    58 |    70 |     8 |       ||   136
         Scorch            |     7 |    16 |    83 |    64 ||   170
         Flame Wave        |       |     1 |    16 |    46 ||    63
         Magic Dart        |       |       |    95 |    61 ||   156
         Mephitic Cloud    |       |       |     7 |    16 ||    23
         Ignite Poison     |       |       |     6 |    14 ||    20
         Frozen Ramparts   |       |       |       |     2 ||     2
 Invoke: Bend Time         |       |       |       |     1 ||     1
  Evoke: Wand              |       |       |     1 |     4 ||     5
    Use: Scroll            |     5 |    10 |     7 |    11 ||    33
         Potion            |       |     2 |     4 |     3 ||     9
   Stab: Confused          |       |       |       |     1 ||     1
         Sleeping          |       |       |       |     2 ||     2
 Armour: Robe              |     3 |     8 |       |       ||    11
         Troll leather arm |       |     7 |    25 |    30 ||    62
  Dodge: Dodged            |    19 |    30 |    47 |   126 ||   222

Table legend: (Time is in decaauts)
 A = Elapsed time spent in this place.
 B = Non-inter-level travel time spent in this place.
 C = Inter-level travel time spent in this place.
 D = Time resting spent in this place.
 E = Time spent auto-exploring this place.
 F = Levels seen in this place.
 G = Mean time per level.
                   A        B        C        D        E       F      G
               +--------+--------+--------+--------+--------+-----+--------+
         Total |  16810 |  16193 |    617 |   5110 |   8871 |  14 | 1200.7 |
       Dungeon |  15730 |  15120 |    610 |   4449 |   8663 |  11 | 1430.0 |
        Temple |     13 |      6 |      7 |      0 |      0 |   1 |   13.0 |
         Sewer |    761 |    761 |      0 |    471 |    193 |   1 |  761.0 |
        Bailey |    305 |    305 |      0 |    190 |     14 |   1 |  305.0 |
               +--------+--------+--------+--------+--------+-----+--------+

Top non-repeatable levels by time:
     D:6: 2479 daAuts
     D:7: 1994 daAuts
     D:4: 1869 daAuts
     D:1: 1725 daAuts
     D:8: 1701 daAuts
     D:5: 1437 daAuts
     D:9: 1155 daAuts
     D:2: 1108 daAuts
    D:10: 981 daAuts
   Sewer: 761 daAuts
     D:3: 756 daAuts
    D:11: 522 daAuts
  Bailey: 305 daAuts
  Temple: 13 daAuts
